 Dungeon Crawl Stone Soup version 0.21.1-1-g345015f (webtiles) character file.

56 inc the Ducker (level 3, 0/15 HPs)
             Began as a Felid Transmuter on Mar 13, 2018.
             Succumbed to an adder's poison
             ... on level 3 of the Dungeon.
             The game lasted 00:02:35 (2636 turns).

inc the Ducker (Felid Transmuter)                   Turns: 2636, Time: 00:02:36

Health: 0/15       AC:  1    Str:  6    XL:     3   Next: 71%
Magic:  3/7        EV: 20    Int: 14    God:
Gold:   90         SH:  0    Dex: 17    Spells: 3/6 levels left
                                        Lives:  0   Deaths: 0

rFire    . . .     SeeInvis +     - Unarmed
rCold    . . .     Gourm    .   (shield unavailable)
rNeg     . . .     Faith    .   (armour unavailable)
rPois    .         Spirit   .   (helmet unavailable)
rElec    .         Reflect  .   (cloak unavailable)
rCorr    .         Harm     .   (gloves unavailable)
MR       .....                  (boots unavailable)
Stlth    +.........             (no amulet)
HPRegen  0.05/turn              k - ring of loudness (curse)
MPRegen  0.10/turn              (no ring)

@: lethally poisoned (0 -> -14), quick
A: very small, no armour, no weapons or thrown items, stealth, claws 1, fangs 3,
see invisible, carnivore, speed 1, shaggy fur 1, slow metabolism 1, sharp paws
a: no special abilities


You were on level 3 of the Dungeon.
You were hungry.

You visited 1 branch of the dungeon, and saw 3 of its levels.

You collected 90 gold pieces.

Inventory:

Missiles
 a - 8 arrows
Jewellery
 k - a cursed ring of loudness (left paw)
Wands
 d - a wand of paralysis (20)
Scrolls
 e - 3 scrolls of identify
 g - a scroll of enchant armour {unknown}
Potions
 j - a potion of degeneration
Books
 b - a book of Changes

   Spells                             Type                      Level
   a - Beastly Appendage              Transmutation                1
   b - Sticks to Snakes               Transmutation                2
   c - Spider Form                    Transmutation/Poison         3
   d - Ice Form                       Ice/Transmutation            4
   e - Blade Hands                    Transmutation                5
Comestibles
 c - 2 rations


   Skills:
 - Level 1.0 Fighting
 - Level 5.2 Dodging
 - Level 3.0 Unarmed Combat
 - Level 2.0 Spellcasting
 + Level 2.6 Transmutations


You had 3 spell levels left.
You knew the following spells:

 Your Spells              Type           Power        Failure   Level  Hunger
a - Beastly Appendage     Tmut           #.....       9%          1    ##.....
b - Sticks to Snakes      Tmut           #.......     12%         2    ###....


Dungeon Overview and Level Annotations

Branches:
Dungeon (3/15)

Altars:
Okawaru


Innate Abilities, Weirdness & Mutations

You cannot wear armour.
You are incapable of wielding weapons or throwing items.
Your paws allow you to move quietly. (Stealth)
You have sharp claws.
You have razor-sharp teeth.
You have supernaturally acute eyesight. (SInv)
You are carnivorous and can eat meat at any time.
You cover ground quickly.
You are covered in fur. (AC +1)
You have a slow metabolism.
Your sharp claws are effective at attacking unaware monsters.


Message History

Your ball python constricts the adder.
Your horns disappear.
You feel sick. The adder bites your ball python.
Your ball python bites the adder.
Your ball python constricts the adder.
* * * LOW HITPOINT WARNING * * *
You feel sick.
Something closely misses your ball python.
Your ball python loses its grip on something.
* * * LOW HITPOINT WARNING * * *
You feel sick.
* * * LOW HITPOINT WARNING * * *
You feel sick.
Your ball python barely misses the adder.
Your ball python closely misses the adder.
The adder bites your ball python.
Your ball python dies!
The adder hisses angrily.
* * * LOW HITPOINT WARNING * * *
You feel sick.
You die...

#>###..###............#
...........).###.######
.#####..###.## #.# #..#
#.## #.# #..# #.(# #.#
#..# #..# #.#
#..###..###.#
#...........#
#.####@.###.#
#.####..###.#
##...........#
.............#
#.####..##### #.......#
#.##.####S.#
......S....#
.....####.##


You could see an adder.

Vanquished Creatures
  3 adders (D:2)
  A worm (D:2)
  A dart slug (D:2)
  A leopard gecko (D:3)
  An orc (D:3)
  A ball python (D:2)
  A giant cockroach (D:1)
  2 goblins
  2 hobgoblins
  3 bats
  2 frilled lizards (D:2)
  2 kobolds
  2 rats (D:2)
22 creatures vanquished.

Vanquished Creatures (collateral kills)
  A worm (D:2)
1 creature vanquished.

Grand Total: 23 creatures vanquished

Notes
Turn   | Place    | Note
-------+----------+-------------------------------------------
     0 | D:1      | inc the Felid Transmuter began the quest for the Orb.
     0 | D:1      | Reached XP level 1. HP: 9/9 MP: 4/4
   228 | D:1      | Reached skill level 3 in Dodging
   840 | D:2      | Reached skill level 4 in Dodging
   840 | D:2      | Reached XP level 2. HP: 9/12 MP: 6/6
  1379 | D:2      | Reached XP level 3. HP: 5/15 MP: 5/7
  1586 | D:2      | Reached skill level 5 in Dodging
  1612 | D:2      | Found an iron altar of Okawaru.
  1812 | D:2      | Learned a level 2 spell: Sticks to Snakes
  2636 | D:3      | Succumbed to an adder's poison

Skill      XL: |  1  2  3 |
---------------+----------+-----
Dodging        | 4 5 |  5.2
Fighting       | |  1.0
Unarmed Combat | |  3.0
Spellcasting   | |  2.0
Transmutations | |  2.6

Action                   || total
-------------------------++-------
Melee: Unarmed           ||   107
       Punch             ||     2
       Bite              ||     6
       Headbutt          ||     5
 Cast: Beastly Appendage ||     6
       Sticks to Snakes  ||     4
  Use: Scroll            ||     6
       Potion            ||     2
  Eat: Chunk             ||     2
Armor: Skin              ||    10
Dodge: Dodged            ||   105
